 Dungeon Crawl Stone Soup version 0.22-a0-443-g17c3723 (webtiles) character file.

205 Borgoz the Skirmisher (level 5, -1/46 HPs)
             Began as a Ghoul Fighter on May 31, 2018.
             Slain by a centaur zombie (4 damage)
             ... in an ossuary.
             The game lasted 00:05:25 (2979 turns).

Borgoz the Skirmisher (Ghoul Fighter)               Turns: 2979, Time: 00:05:25

Health: -1/46      AC:  7    Str: 20    XL:     5   Next: 83%
Magic:  4/4        EV: 10    Int:  8    God:
Gold:   114        SH:  6    Dex:  9    Spells: 4/4 levels left

rFire    + . .     SeeInvis .     - Unarmed
rCold    + + .     Gourm    .   q - +2 buckler
rNeg     + + +     Faith    .   a - +0 scale mail
rPois    ∞         Spirit   .   (no helmet)
rElec    +         Reflect  .   (no cloak)
rCorr    +         Harm     .   (no gloves)
MR       +....                  (no boots)
Stlth    ..........             (no amulet)
HPRegen  0.00/turn              (no ring)
MPRegen  0.09/turn              s - ring of protection from magic

@: brilliant, resistant, very slightly contaminated, rotting, invisible
A: rotting body, claws 1, carnivore, cold resistance 1, negative energy
resistance 3, inhibited regeneration, torment resistance, unbreathing
a: no special abilities


You were in an ossuary.
You were not hungry.

You visited 1 branch of the dungeon, and saw 4 of its levels.
You also visited: Ossuary.

You collected 114 gold pieces.

Inventory:

Armour
 a - a +0 scale mail (worn)
 b - a +0 shield
 q - a +2 buckler (worn)
Jewellery
 e - an uncursed ring of ice
 g - an uncursed ring of magical power
 s - a ring of protection from magic (right claw)
Scrolls
 f - a scroll of blinking
 h - a scroll of amnesia
 i - a scroll of remove curse
 j - a scroll of enchant weapon {unknown}
 l - 2 scrolls of fear
 m - a scroll of enchant armour {unknown}
 p - a scroll of teleportation {unknown}
Potions
 k - a potion of invisibility
Comestibles
 c - 2 chunks of flesh
 d - 7 rations


   Skills:
 + Level 4.1 Fighting
 * Level 3.8 Armour
 * Level 2.5 Dodging
 + Level 3.0 Shields
 + Level 3.1 Unarmed Combat


You had 4 spell levels left.
You didn't know any spells.
Your spell library contained the following spells:

 Spells                   Type           Power        Failure   Level  Hunger
 Magic Dart               Conj           #...         14%         1    ##.....
 Conjure Flame            Conj/Fire      #.......     36%         3    ####...
 Slow                     Hex            #.......     22%         2    ###....
 Mephitic Cloud           Conj/Pois/Air  #.......     36%         3    ####...
 Blink                    Tloc           N/A          22%         2    ###....
 Call Imp                 Summ           #.......     22%         2    ###....


Dungeon Overview and Level Annotations

Branches:
Dungeon (4/15)
 Temple: D:4-7

Altars:


Innate Abilities, Weirdness & Mutations

Your body is rotting away.
You thrive on raw meat.
You are immune to poison.
You have sharp fingernails.
You are carnivorous and can eat meat at any time.
Your flesh is cold resistant. (rC+)
You are immune to negative energy. (rN+++)
You do not regenerate when monsters are visible.
You are immune to unholy pain and torment.
You can survive without breathing.


Message History

You scratch the mummy.
The mummy is almost destroyed.
You barely miss the mummy.
The mummy is almost destroyed.
You block the mummy's attack.
You scratch the mummy but do no damage.
The mummy is almost destroyed.
The mummy hits you!
* * * LOW HITPOINT WARNING * * *
You scratch the mummy.
You destroy the mummy!
Your Shields skill increases to level 3!
The centaur zombie hits you.
* * * LOW HITPOINT WARNING * * *
There is an open door here.
You scratch the centaur zombie.
The centaur zombie is lightly damaged.
A quokka zombie comes into view.
The centaur zombie hits you.
You die...

# # ≈# ≈## ≈#
###≈##≈#≈≈≈
#.≈P≈P≈.≈#
'#+#+#+#≈#+#+#
..Z....≈.≈Z≈≈+
.##+##'##@##.#
#.#...#
###.∩.# #∩..#
#####


You could see a quokka zombie (wandering) and a centaur zombie.

Vanquished Creatures
  2 orc wizards (D:4)
  3 mummies (Ossuary)
  An adder (D:2)
  An ooze (D:3)
  4 worms
  2 dart slugs
  3 leopard geckos
  7 orcs (D:4)
  3 giant cockroaches (D:1)
  8 goblins
  11 hobgoblins
  7 jackals
  A quokka (D:2)
  A ball python (D:2)
  5 bats
  4 frilled lizards (D:1)
  6 kobolds
  A leopard gecko zombie (D:3)
  4 rats
74 creatures vanquished.

Notes
Turn   | Place    | Note
-------+----------+-------------------------------------------
     0 | D:1      | Borgoz the Ghoul Fighter began the quest for the Orb.
     0 | D:1      | Reached XP level 1. HP: 19/19 MP: 0/0
    89 | D:1      | Reached XP level 2. HP: 14/26 MP: 1/1
   456 | D:1      | Reached skill level 1 in Dodging
   645 | D:1      | Reached XP level 3. HP: 26/31 MP: 2/2
  1702 | D:2      | Reached XP level 4. HP: 36/40 MP: 3/3
  2866 | D:4      | Reached XP level 5. HP: 34/44 MP: 4/4
  2867 | D:4      | Reached skill level 4 in Fighting
  2927 | D:4      | Found a sand-covered staircase.
  2932 | Ossuary  | Entered an ossuary
  2966 | Ossuary  | HP: 1/46 [mummy (12)]
  2979 | Ossuary  | Slain by a centaur zombie

Vault maps used:
D:1:      elethiomel_arrival_maze
D:2:      serial_co_window_serial, co_window_paths_b,
          co_window_of_opportunity_a, co_window_paths_a, co_window_paths_b,
          co_window_of_opportunity_a, co_window_of_opportunity_c,
          co_window_corner_b, co_window_of_opportunity_c, glass_columns_a
D:3:      first_ration
D:4:      gammafunk_temple_overflow_forgotten, nicolae_ossuary_entry_monument
Ossuary:  ossuary_zaba_flooded

Skill      XL: |  1  2  3  4  5 |
---------------+----------------+-----
Armour         | 3 |  3.8
Dodging        | 1 2 |  2.5
Unarmed Combat | 3 |  3.1
Fighting       | 4 |  4.1
Shields        | 3 |  3.0

Action                   |  1- 3 |  4- 6 || total
-------------------------+-------+-------++-------
Melee: Unarmed           |   163 |   131 ||   294
       Punch             |     1 |     1 ||     2
  Use: Scroll            |       |     6 ||     6
       Potion            |       |     6 ||     6
 Stab: Invisible         |       |     1 ||     1
  Eat: Chunk             |    15 |    12 ||    27
Armor: Scale mail        |    96 |    43 ||   139
Dodge: Dodged            |    63 |    46 ||   109
Block: Buckler           |       |    15 ||    15

Table legend:
 A = Spawn XP
 B = Non-spawn XP
 C = Spawn XP percentage of total XP
 D = Spawn monster count
 E = Non-spawn monster count
 F = Spawn count percentage of total count
 G = Total turns spent on level
                    A         B        C        D         E        F      G
               +---------+---------+-------+---------+---------+-------+---------
         Total |       0 |     294 |   0.0 |       0 |      74 |   0.0 |  2979
               +---------+---------+-------+---------+---------+-------+---------
           D:1 |       0 |      52 |   0.0 |       0 |      29 |   0.0 |  1278
           D:2 |       0 |      51 |   0.0 |       0 |      17 |   0.0 |  1126
           D:3 |       0 |      28 |   0.0 |       0 |      14 |   0.0 |   403
           D:4 |       0 |     109 |   0.0 |       0 |      11 |   0.0 |   125
       Ossuary |       0 |      54 |   0.0 |       0 |       3 |   0.0 |    47
               +---------+---------+-------+---------+---------+-------+---------
